 Dungeon Crawl Stone Soup version 0.21-a0-404-g291f19a (webtiles) character file.

239 Firecrotchwizard the Chopper (level 6, 0/56 HPs)
             Began as a Hill Orc Monk on Oct 29, 2017.
             Was a Believer of Qazlal.
             Slain by a scorpion (3 damage)
             ... on level 4 of the Dungeon.
             The game lasted 00:06:37 (3044 turns).

Firecrotchwizard the Chopper (Hill Orc Monk)        Turns: 3044, Time: 00:06:38

Health: 0/56       AC:  8    Str: 14    XL:     6   Next: 7%
Magic:  6/7        EV: 12    Int: 14    God:    Qazlal [**....]
Gold:   138        SH:  3    Dex: 15    Spells: 5/5 levels left

rFire    . . .     SeeInvis .   a - +0 hand axe
rCold    . . .     Gourm    .   (no shield)
rNeg     . . .     Faith    .   y - +1 ring mail of Love and Death {Int+4} (curse)
rPois    .         Spirit   .   l - +0 helmet
rElec    .         Reflect  .   (no cloak)
rCorr    .         Harm     .   s - +0 pair of gloves
MR       .....                  (no boots)
Stlth    +.........             (no amulet)
HPRegen  0.18/turn              (no ring)
MPRegen  0.10/turn              (no ring)

@: lethally poisoned (0 -> -8)
A: no striking features
a: Upheaval, Renounce Religion


You were on level 4 of the Dungeon.
You worshipped Qazlal.
Qazlal was pleased with you.
You were not hungry.

You visited 1 branch of the dungeon, and saw 4 of its levels.

You collected 138 gold pieces.

Inventory:

Hand Weapons
 a - a +0 hand axe (weapon)
Armour
 b - a +0 robe
 l - a +0 helmet (worn)
   (You found it on level 1 of the Dungeon)
 p - a +0 chain mail
   (You took it off an orc on level 3 of the Dungeon)
 s - a +0 pair of gloves (worn)
   (You found it on level 2 of the Dungeon)
 y - the cursed +1 ring mail of Love and Death (worn) {Int+4}
   (You found it on level 4 of the Dungeon)

   It affects your intelligence (+4).
   It has a curse placed upon it.
Wands
 z - a wand of lightning (5/15)
   (You found it on level 4 of the Dungeon)
Scrolls
 d - 2 scrolls of enchant weapon {unknown}
 h - 2 scrolls of remove curse {unknown}
 i - a scroll of amnesia {unknown}
 j - 2 scrolls of identify {unknown}
 u - a scroll of immolation {unknown}
 w - 2 scrolls of teleportation {unknown}
Potions
 e - 2 potions of curing {unknown}
 f - a potion of magic {unknown}
 g - a potion of resistance
 k - a potion of agility {unknown}
 q - a potion of mutation {unknown}
 r - a potion of haste {unknown}
 t - a potion of cancellation {unknown}
 x - a potion of flight {unknown}
Comestibles
 c - 6 bread rations {@e1}
 m - 5 fruits
 n - 2 chunks of flesh {@w0}
 o - 3 royal jellies
 v - 2 meat rations {@e2}


   Skills:
 + Level 5.1 Fighting
 + Level 5.5 Axes
 + Level 2.9 Armour
 - Level 3.1 Dodging
 - Level 1.5 Stealth
 + Level 1.7 Invocations


You had 5 spell levels left.
You didn't know any spells.

Dungeon Overview and Level Annotations

Branches:
Dungeon (4/15)
 Temple: D:4-7

Altars:
Makhleb
Nemelex Xobeh
Okawaru
Qazlal


Message History

Your Invocations skill increases to level 1!
You see here a hound corpse.
The hound barely misses you.
An iguana comes into view.
The iguana hisses angrily.
You hit the hound but do no damage. The hound misses you.
You hit the hound. The hound barely misses you. The hound closely misses you.
You hit the hound. The hound barely misses you. You block the hound's attack.
You hit the hound but do no damage. The hound bites you but does no damage.
You hit the hound. The hound bites you. The hound bites you but does no damage.
You take 5 damage, and have 40/47 hp.
You hit the hound but do no damage. The hound misses you.
You closely miss the hound. The hound barely misses you.
The hound bites you but does no damage.
You hit the hound but do no damage. The hound bites you but does no damage.
You hit the hound but do no damage. The hound closely misses you.
The hound bites you but does no damage.
You hit the hound but do no damage. The hound bites you but does no damage.
The hound completely misses you.
You closely miss the hound. The hound bites you but does no damage.
You hit the hound. The hound closely misses you.
The hound bites you but does no damage.
You hit the hound. You hit the iguana.
The hound stops to sniff the ground.
The hound bites you but does no damage. You block the iguana's attack.
You barely miss the hound. You barely miss the iguana.
The hound bites you but does no damage. The hound bites you.
The iguana closely misses you.
You take 4 damage, and have 38/47 hp.
You closely miss the hound. You hit the iguana.
The hound bites you but does no damage. The iguana bites you.
The hound bites you but does no damage.
You take 6 damage, and have 32/47 hp.
You hit the hound. You hit the iguana. The hound misses you.
The iguana bites you.
You take 2 damage, and have 30/47 hp.
You hit the hound. You hit the iguana. The hound bites you but does no damage.
The iguana bites you but does no damage.
The hound bites you.
You take 3 damage, and have 27/47 hp.
You hit the hound but do no damage. You hit the iguana.
The hound bites you but does no damage. You block the iguana's attack.
A scorpion comes into view.
You hit the hound.
You kill the hound!
Qazlal accepts your kill.
Your Fighting skill increases to level 5!
You barely miss the iguana.
The scorpion moves out of view.
The iguana bites you.
You take 1 damage, and have 27/48 hp.
You barely miss the iguana. The iguana bites you.
You take 3 damage, and have 24/48 hp.
You are too injured to fight recklessly!
You are too injured to fight recklessly!
You are too injured to fight recklessly!
You closely miss the iguana. The iguana bites you.
You barely miss the iguana. The iguana completely misses you.
You hit the iguana.
The iguana is struck by lightning.
You kill the iguana!
Qazlal accepts your kill.
You have reached level 6!
Your experience leads to an increase in your attributes!
Your base attributes are Str 14, Int 10, Dex 14.
Increase (S)trength, (I)ntelligence, or (D)exterity?
You feel agile.
You hear an angry hiss.
You regained 4 hp, and now have 28/56 hp.
You start resting.
You closely miss the scorpion. The scorpion stings you!
You are poisoned.
The scorpion poisons you!
You take 7 damage, and have 22/56 hp.
You hit the scorpion.
You feel sick. You block the scorpion's attack.
You take 1 damage, and have 21/56 hp.
You hit the scorpion.
You feel sick. The scorpion barely misses you.
You take 1 damage, and have 20/56 hp.
You hit the scorpion.
You feel sick. The scorpion stings you!
* * * LOW HITPOINT WARNING * * *
You are lethally poisoned!
The scorpion poisons you!
You take 8 damage, and have 12/56 hp.
You hit the scorpion.
* * * LOW HITPOINT WARNING * * *
You feel sick. The scorpion misses you.
You closely miss the scorpion.
* * * LOW HITPOINT WARNING * * *
You feel sick. The scorpion closely misses you.
An adder skeleton comes into view.
You take 1 damage, and have 11/56 hp.
You hit the scorpion.
* * * LOW HITPOINT WARNING * * *
You feel sick. The scorpion stings you.
* * * LOW HITPOINT WARNING * * *
You take 6 damage, and have 5/56 hp.
You hit the scorpion.
* * * LOW HITPOINT WARNING * * *
You feel sick.
The scorpion stings you but does no damage.
The scorpion stings you.
You die...

...#.#.#.#..#
._..#.#.#.#.# #.#
.
...#.#.#.#..###.#
.
..#.#.#.#.#..##.#
.# .
.##.########.##.#
.# .. .##.#
#..#.##.##...
....#
##.#.#.......
....#
#.#.#.......
....#
#.#ยง@s...)..
...# #...%#....#+
.##..
..........Z....#
#######.>##......
...# ...... ###+#
..... ..... ...


You could see a scorpion and an adder skeleton.

Vanquished Creatures
  2 hounds (D:4)
  An orc priest (D:3)
  An iguana (D:4)
  3 adders
  2 oozes (D:3)
  A worm (D:3)
  2 dart slugs
  A leopard gecko (D:1)
  6 orcs (D:3)
  2 giant cockroaches
  8 goblins
  8 hobgoblins
  10 jackals
  2 quokkas
  10 bats
  2 frilled lizards (D:1)
  A jackal skeleton (D:4)
  8 kobolds
  5 rats
75 creatures vanquished.

Vanquished Creatures (others)
  A bat (D:2)
1 creature vanquished.

Grand Total: 76 creatures vanquished

Notes
Turn   | Place    | Note
-------+----------+-------------------------------------------
     0 | D:1      | Firecrotchwizard the Hill Orc Monk began the quest for the Orb.
     0 | D:1      | Reached XP level 1. HP: 19/19 MP: 1/1
   249 | D:1      | Reached XP level 2. HP: 24/27 MP: 2/2
   626 | D:1      | Reached skill level 1 in Armour
   864 | D:1      | Reached skill level 4 in Fighting
  1135 | D:2      | Reached XP level 3. HP: 33/33 MP: 3/3
  1446 | D:2      | Found a sparkling altar of Nemelex Xobeh.
  1647 | D:2      | Found an iron altar of Okawaru.
  1920 | D:3      | Found a stormy altar of Qazlal.
  1931 | D:3      | Became a worshipper of Qazlal Stormbringer
  1931 | D:3      | Reached * piety under Qazlal
  1931 | D:3      | Reached ** piety under Qazlal
  1939 | D:3      | Reached XP level 4. HP: 36/40 MP: 4/4
  1950 | D:3      | HP: 9/41 [orc/dagger (4)]
  2114 | D:3      | Reached skill level 2 in Armour
  2141 | D:3      | Reached skill level 3 in Dodging
  2302 | D:3      | Reached skill level 5 in Axes
  2302 | D:3      | Reached XP level 5. HP: 46/47 MP: 5/5
  2855 | D:4      | Got a translucent ring mail
  2866 | D:4      | Identified the cursed +1 ring mail of Love and Death {Int+4} (You found it on level 4 of the Dungeon)
  2972 | D:4      | Found a burning altar of Makhleb.
  3008 | D:4      | Reached skill level 1 in Invocations
  3029 | D:4      | Reached skill level 5 in Fighting
  3033 | D:4      | Reached XP level 6. HP: 28/56 MP: 5/7
  3040 | D:4      | HP: 12/56 [scorpion (7)]
  3043 | D:4      | HP: 5/56 [scorpion (5)]
  3044 | D:4      | Slain by a scorpion

Vault maps used:
D:1:      scummos_arrival_simple_fountains
D:2:      lemuel_round_altar, first_bread, minmay_misc_feat_rows,
          kennysheep_okawaru_gauntlet
D:3:      lemuel_crystal_altar
D:4:      bloody_makhleb, minmay_temple_entry_purple_smoke

Skill      XL: |  1  2  3  4  5 |
---------------+----------------+-----
Armour         | 1 2 |  2.9
Fighting       | 4 5 |  5.1
Dodging        | 3 |  3.1
Axes           | 5 |  5.5
Invocations    | 1 |  1.7
Stealth        | |  1.5

Action                   |  1- 3 |  4- 6 || total
-------------------------+-------+-------++-------
Melee: Hand axe          |   120 |   143 ||   263
Invok: Upheaval          |       |     1 ||     1
  Use: Potion            |       |     2 ||     2
 Stab: Sleeping          |     2 |       ||     2
       Distracted        |     1 |       ||     1
  Eat: Chunk             |     3 |     4 ||     7
Armor: Robe              |    16 |    12 ||    28
       Chain mail        |       |    16 ||    16
       Ring mail         |       |    27 ||    27
Dodge: Dodged            |    95 |    97 ||   192
Block: Other             |     1 |    23 ||    24

Table legend:
 A = Spawn XP
 B = Non-spawn XP
 C = Spawn XP percentage of total XP
 D = Spawn monster count
 E = Non-spawn monster count
 F = Spawn count percentage of total count
 G = Total turns spent on level
                    A         B        C        D         E        F      G
               +---------+---------+-------+---------+---------+-------+---------
         Total |       0 |     342 |   0.0 |       0 |      76 |   0.0 |  3044
               +---------+---------+-------+---------+---------+-------+---------
           D:1 |       0 |      31 |   0.0 |       0 |      19 |   0.0 |  1109
           D:2 |       0 |      41 |   0.0 |       0 |      17 |   0.0 |   782
           D:3 |       0 |     130 |   0.0 |       0 |      34 |   0.0 |   940
           D:4 |       0 |     140 |   0.0 |       0 |       6 |   0.0 |   213
               +---------+---------+-------+---------+---------+-------+---------

Vault maps used:
D:1:      scummos_arrival_simple_fountains
D:2:      lemuel_round_altar, first_bread, minmay_misc_feat_rows,
          kennysheep_okawaru_gauntlet
D:3:      lemuel_crystal_altar
D:4:      bloody_makhleb, minmay_temple_entry_purple_smoke

Table legend:
 A = Turns spent in this place as a percentage of turns spent in the entire game.
 B = Non-inter-level travel turns spent in this place as a percentage of non-inter-level travel turns spent in the entire game.
 C = Inter-level travel turns spent in this place as a percentage of turns spent in this place.
 D = Turns resting spent in this place as a percentage of non-inter-level travel turns spent in this place.
 E = Turns spent auto-exploring this place as a percentage of non-inter-level travel turns spent in this place.
 F = Non-inter-level travel turns spent in this place divided by the number of levels of this place that you've seen.
                   A       B       C       D       E      F
               +-------+-------+-------+-------+-------+----------------------
         Total | 100.0 | 100.0 |   2.7 |  25.1 |  57.4 | 740.5
       Dungeon | 100.0 | 100.0 |   2.7 |  25.1 |  57.4 | 740.5
               +-------+-------+-------+-------+-------+----------------------

Table legend:
 A = Kills in this place as a percentage of kills in entire the game.
 B = Kills by you in this place as a percentage of kills by you in the entire game.
 C = Kills by friends in this place as a percentage of kills by friends in the entire game.
 D = Other kills in this place as a percentage of other kills in the entire game.
 E = Experience gained in this place as a percentage of experience gained in the entire game.
 F = Experience gained in this place divided by the number of levels of this place that you have seen.
                   A       B       C       D       E      F
               +-------+-------+-------+-------+-------+----------------------
         Total | 100.0 | 100.0 |   N/A | 100.0 | 100.0 |  85.5
       Dungeon | 100.0 | 100.0 |   N/A | 100.0 | 100.0 |  85.5
               +-------+-------+-------+-------+-------+----------------------
